AoeStats
← [doGs] Charlie the Flamingo.

Arena

507966097Analyzed
3v3 RM · 11d ago on Sep 20, 2026· 39m 4s· 6 players
Game mode
Random Map
Map size
Normal (6 player)
Population
200
Speed
Normal
Resources
Standard
Victory
Conquest
Starting age
Dark Age
Ending age
Imperial Age
RankedLock teamsTeams togetherTeam positionsShared explorationLock speedFull tech treeHidden civsTurbo modeCheats
Victory
Defeat
🇨🇱 Celts · Chile
1105
+12
🇨🇳 Turks · China
1032
+15
🇨🇱 Slavs · Chile
974
+17
1050
-16
🇱🇹 Wei · Lithuania
993
-14
🇨🇱 Bohemians · Chile
989
-14
DazHkaka
12:00 Feudal Age
16:49 Castle Age
21:07 Imperial Age
18:35 Double-Bit Axe
19:52 Padded Archer Armor
21:12 Leather Archer Armor
37:11 Ring Archer Armor
Camilo M87
10:28 Feudal Age
15:49 Castle Age
14:00 Horse Collar
14:56 Double-Bit Axe
18:12 Man-at-Arms
19:24 Scale Mail Armor
19:20 Long Swordsman
20:17 Pikeman
24:50 Forging
29:57 Imperial Age
28:06 Wheelbarrow
27:34 Heavy Plow
27:27 Gold Mining
29:58 Stone Mining
34:24 Chemistry
33:13 Loom
34:33 Bow Saw
35:37 Cavalier
37:15 Husbandry
37:39 Ballistics
37:13 Light Cavalry
DR 851613
7:05 Loom
11:35 Feudal Age
17:43 Castle Age
16:09 Gold Mining
16:08 Double-Bit Axe
17:40 Bloodlines
18:01 Stone Mining
17:55 Horse Collar
18:31 Forging
20:23 Town Watch
26:14 Wheelbarrow
27:22 Scale Barding Armor
33:13 Imperial Age
32:58 Hand Cart
35:21 Iron Casting
35:07 Chain Barding Armor
35:39 Town Patrol
36:04 Conscription
36:47 Husbandry
36:44 Cavalier
36:50 Cavalier
IgNi
10:46 Feudal Age
12:20 Loom
15:34 Castle Age
13:56 Double-Bit Axe
14:18 Horse Collar
15:04 Stone Mining
16:54 Heavy Plow
26:09 Wheelbarrow
[doGs] Charlie the Flamingo.
6:25 Loom
11:51 Feudal Age
17:15 Castle Age
16:13 Horse Collar
16:22 Double-Bit Axe
16:35 Stone Mining
16:58 Town Watch
18:24 Wheelbarrow
18:26 Fervor
21:40 Heavy Plow
25:02 Bow Saw
24:53 Murder Holes
26:00 Fletching
26:22 Forging
26:17 Scale Barding Armor
27:11 Gold Mining
28:29 Hand Cart
32:41 Imperial Age
31:34 Ballistics
31:13 Bodkin Arrow
31:46 Kamandaran
31:14 Crossbowman
31:59 Padded Archer Armor
32:28 Thumb Ring
35:31 Two-Man Saw
36:10 Chemistry
36:47 Gold Shaft Mining
36:31 Citadels
36:58 Hoardings
37:14 Leather Archer Armor
Boss's Order
11:07 Feudal Age
11:44 Double-Bit Axe
12:15 Horse Collar
14:06 Loom
17:49 Castle Age
19:14 Bow Saw
21:55 Town Watch
22:50 Man-at-Arms
Connection lost

Rejoining the realm…

Still unreachable

The connection could not be restored.

Session expired

The server has moved on; the page needs a fresh start.